 Dungeon Crawl Stone Soup version 0.31.0-12-g77e489cdc1 (webtiles) character file.

Game seed: 3579474919404885091

2 Gadfly the Trooper (level 1, 0/14 HPs)
             Began as a Gargoyle Fighter on Mar 3, 2024.
             Slain by a kobold
             ... wielding a +0 whip
              (2 damage)
             ... on level 1 of the Dungeon.
             The game lasted 00:00:08 (48 turns).

Gadfly the Trooper (Gargoyle Fighter)                 Turns: 48, Time: 00:00:08

Health: 0/14       AC:  9    Str: 19    XL:     1   Next: 30%
Magic:  1/1        EV:  9    Int:  8    God:
Gold:   0          SH:  4    Dex:  9    Spells: 0/0 levels left

rFire   . . .        a - +0 flail
rCold   . . .        c - +0 buckler
rNeg    + . .        b - +0 scale mail
rPois   ∞            (no helmet)
rElec   +            (no cloak)
rCorr   .            (no gloves)
SInv    .            (no boots)
Will    .....        (no amulet) Stlth
                     (no ring)
HPRegen 0.22/turn    (no ring)
MPRegen 0.07/turn

%: no passive effects
@: no status effects
A: sickness immunity, AC +2, negative energy resistance 1, electricity
resistance, torment resistance 1, petrification resistance
a: no special abilities


You were on level 1 of the Dungeon.
You visited 1 branch of the dungeon, and saw 1 of its levels.

Inventory:

Hand Weapons
 a - a +0 flail (weapon)
Armour
 b - a +0 scale mail (worn)
 c - a +0 buckler (worn)
Potions
 d - a potion of might


   Skills:
 + Level 3.3 Fighting
 * Level 2.0 Maces & Flails
 + Level 3.3 Armour
 + Level 3.3 Shields
 * Level 0.1 Invocations
 * Level 0.1 Evocations


You couldn't memorise any spells.
You didn't know any spells.
Your spell library was empty.

Dungeon Overview and Level Annotations

Branches:
Dungeon (1/15)

Altars:


Innate Abilities, Weirdness & Mutations

You are immune to sickness and miasma.
Your stone body is resilient. (AC +2)
You are immune to poison.
You resist negative energy. (rN+)
You are resistant to electric shocks. (rElec)
You are resistant to unholy torment.
You are immune to petrification.


Message History

You closely miss the rat. The rat barely misses you.
You closely miss the rat. The rat misses you. The rat barely misses you.
You closely miss the rat.
A quokka comes into view.
The kobold throws a stone.
The stone completely misses you. The quokka misses you.
The rat barely misses you.
You barely miss the rat. The quokka barely misses you.
The rat bites you but does no damage. The quokka bites you.
You closely miss the frilled lizard. The frilled lizard barely misses you.
The kobold hits you but does no damage. The rat closely misses you.
The quokka bites you but does no damage.
The frilled lizard bites you. The kobold completely misses you.
The rat bites you.
You are too injured to fight recklessly!
You are too injured to fight recklessly!
You are too injured to fight recklessly!
You are too injured to fight recklessly!
You are too injured to fight recklessly!
There are monsters nearby!
Unknown command.
The frilled lizard attacks as it pursues you!
The frilled lizard closely misses you.
The kobold throws a stone.
The stone hits you but does no damage. The quokka bites you.
* * * LOW HITPOINT WARNING * * *
The frilled lizard attacks as it pursues you!
The frilled lizard misses you. The quokka attacks as it pursues you!
You block the quokka's attack. The frilled lizard closely misses you.
The quokka attacks as it pursues you!
The quokka bites you but does no damage.
The quokka barely misses you.
There is an open door here.
The quokka twitches its whiskers.
The quokka attacks as it pursues you! The quokka bites you.
* * * LOW HITPOINT WARNING * * *
You hit the quokka.
You kill the quokka!
You barely miss the kobold. The kobold hits you with a +0 whip.
You die...

#.....#.#
#.###...# #.#
#...## #.# #....#
#.# ####.## #.#
#...# #.# #♣.♣#
#.# ♣.♣ #@# ♣.♣
#K# #♣.♣
######r#+#.#♣.♣
#....rl....#♣.♣
..##..........#♣.♣
..............#♣<♣
..............#♣.♣
........).....#♣.♣
..............#♣.♣


You could see a quokka, a kobold, a frilled lizard and a rat.

Vanquished Creatures
  A quokka (D:1)
  A kobold (D:1)
2 creatures vanquished.

Notes
Turn   | Place    | Note
-------+----------+-------------------------------------------
     0 | D:1      | Gadfly the Gargoyle Fighter began the quest for the Orb.
     0 | D:1      | Reached XP level 1. HP: 14/14 MP: 1/1
    48 | D:1      | Slain by a kobold

Illustrated notes

Levels and vault maps discovered:
D:1:      eino_arrival_tree_alley, layout_basic

Action                     || total
---------------------------++-------
  Melee: Flail             ||     9
 Armour: Scale mail        ||    13
  Dodge: Dodged            ||    15
  Block: Buckler           ||     1
